Map: Triton LE

Players

ViBE - Winner!

  • Race: Terran Terran
  • League: Silver
  • Spawn Location: 5:00

Savel

  • Race: Zerg Zerg
  • League: Gold
  • Spawn Location: 11:00

VOD

Have the link to the VOD?

Description

Time

  • Played on: Dec. 6, 2019, 8:17 p.m.
  • Length: 18:52
Show
View Real Time Build Order
Export as new Build Order

ViBE Terran - Winner!

Build Orders: 2 Factory, Mech 

Get SALT Encoding   

  12  0:01  SCV  
  13  0:13  SCV  
  14  0:25  SCV  
  14  0:27  Supply Depot  
  15  0:49  SCV  
  16  0:50  Barracks  
  16  0:53  Refinery  
  16  1:01  SCV  
  17  1:13  SCV  
  18  1:25  SCV  
  19  1:39  Orbital Command  
  19  1:43  Command Center  
  18  1:57  Factory  
  18  2:04  Supply Depot  
  18  2:06  SCV  
  19  2:10  Refinery  
  19  2:20  SCV  
  20  2:24  Barracks Reactor  
  20  2:41  SCV  
  20  2:42  Hellion  
  22  2:45  Factory  
  22  2:53  SCV  
  23  3:05  SCV  
  23  3:11  Barracks Tech Lab  
  24  3:15  Hellion x2  
  24  3:18  SCV  
  29  3:30  SCV  
  30  3:34  Orbital Command  
  30  3:38  Supply Depot, Hellion  
  30  3:39  Hellion  
  34  3:42  SCV  
  34  3:47  Siege Tank  
  38  3:54  SCV  
  39  4:01  Supply Depot  
  39  4:04  SCV  
  39  4:06  SCV  
  41  4:16  SCV  
  42  4:18  SCV  
  42  4:20  Siege Tank, Hellion x2  
  50  4:26  Supply Depot  
  50  4:29  SCV  
  50  4:30  SCV  
  52  4:39  Command Center  
  52  4:41  SCV  
  52  4:42  SCV  
  54  4:49  Supply Depot  
  54  4:50  Hellion  
  58  4:52  Hellion  
  58  4:56  SCV x2  
  60  5:00  Siege Tank  
  63  5:08  Engineering Bay  
  63  5:10  Armory  
  63  5:13  Supply Depot  
  63  5:14  SCV  
  63  5:16  SCV  
  65  5:26  SCV  
  67  5:28  SCV  
  67  5:32  Supply Depot  
  67  5:34  Siege Tank  
  70  5:38  SCV  
  70  5:39  Missile Turret  
  70  5:40  SCV  
  70  5:41  Missile Turret  
  72  5:44  Hellion x2  
  76  5:50  SCV, Orbital Command  
  76  5:52  SCV  
  78  6:02  Command Center  
  78  6:06  SCV x2  
  78  6:10  Refinery x2  
  80  6:16  Thor, Orbital Command  
  86  6:19  Hellion  
  86  6:21  SCV  
  89  6:39  SCV x2  
  91  6:40  Missile Turret  
  91  6:42  SCV  
  92  6:51  SCV x2  
  92  6:54  SCV, Hellion  
  92  6:55  Hellion  
  92  6:59  Thor  
  90  7:03  SCV x2  
  80  7:09  Terran Vehicle Weapons Level 1  
  80  7:15  SCV x2  
  66  7:23  Hellion x2  
  68  7:35  SCV x2  
  62  7:37  Orbital Command  
  62  7:38  Factory x2  
  62  7:39  Factory  
  62  7:41  Factory  
  56  7:47  SCV x2  
  56  7:50  Thor  
  56  7:51  Hellion x2  
  64  8:05  Planetary Fortress  
  64  8:07  SCV x2  
  64  8:08  SCV  
  67  8:14  Hellion  
  67  8:15  Hellion  
  67  8:19  SCV x2  
  72  8:27  Factory Tech Lab x3, Factory Reactor  
  72  8:32  Supply Depot  
  71  8:35  SCV x2  
  67  8:42  SCV  
  67  8:43  Thor  
  67  8:44  Hellion x2  
  67  8:47  SCV  
  67  8:48  SCV  
  74  8:50  Thor  
  74  8:53  Hellbat x2  
  74  8:55  SCV  
  73  8:59  SCV  
  73  9:00  SCV  
  72  9:07  SCV  
  77  9:10  Hellbat x4  
  77  9:11  SCV  
  77  9:15  SCV  
  78  9:20  SCV  
  78  9:21  Thor  
  78  9:24  SCV  
  81  9:28  SCV  
  75  9:32  SCV  
  75  9:36  Thor, SCV  
  75  9:38  Hellbat  
  84  9:43  SCV  
  83  9:46  Orbital Command  
  83  9:52  SCV  
  84  9:53  Supply Depot x2  
  84  9:55  Supply Depot  
  84  10:01  Hellbat  
  84  10:04  SCV x2  
  84  10:05  Hellbat  
  84  10:06  Hellbat  
  80  10:11  Thor  
  80  10:13  SCV  
  81  10:16  Thor, SCV  
  81  10:18  Terran Vehicle And Ship Armor Level 1  
  81  10:20  Orbital Command  
  87  10:28  Hellbat x4  
  94  10:29  SCV x3  
  97  10:38  Refinery x2  
  97  10:41  SCV x3  
  100  10:50  Thor  
  100  10:51  Hellbat  
  100  10:57  Supply Depot  
  108  10:59  SCV  
  108  11:01  Hellbat  
  108  11:02  SCV x3  
  108  11:04  Hellbat  
  108  11:08  Refinery x2  
  114  11:18  SCV x4, Hellbat  
  114  11:19  Supply Depot  
  114  11:27  Command Center  
  114  11:30  SCV x2  
  116  11:37  Supply Depot  
  116  11:38  Supply Depot  
  116  11:40  SCV x2  
  116  11:41  Thor  
  116  11:46  Supply Depot x2  
  124  11:47  Supply Depot  
  124  11:58  Thor  
  124  11:59  Thor  
  133  12:03  Thor  
  133  12:05  SCV  
  133  12:07  SCV x2  
  133  12:08  SCV, Hellbat x4  
  151  12:15  Supply Depot  
  151  12:16  Supply Depot  
  151  12:23  SCV x3, Terran Vehicle Weapons Level 2  
  151  12:27  Neosteel Armor, Armory  
  151  12:29  Infernal Pre-Igniter, Smart Servos  
  154  12:31  Thor  
  154  12:33  Hellbat x2  
  164  12:37  SCV  
  165  12:47  Command Center  
  165  12:52  Thor x2  
  165  12:57  Thor  
  183  13:00  Hellbat x2  
  183  13:02  SCV  
  183  13:03  SCV x2  
  183  13:04  SCV  
  191  13:12  Supply Depot  
  191  13:14  SCV  
  182  13:39  Thor x3  
  182  13:40  Thor  
  182  13:41  Hellbat x3  
  200  13:43  Terran Vehicle And Ship Armor Level 2  
  192  13:56  Planetary Fortress  
  192  14:04  Command Center  
  192  14:07  Hi-Sec Auto Tracking  
  192  14:27  Refinery  
  192  14:28  Refinery  
  192  14:55  Factory  
  192  14:56  Factory x2  
  192  14:57  Factory  
  192  14:59  Factory  
  188  15:01  Factory  
  176  15:12  Terran Vehicle Weapons Level 3, Factory  
  176  15:13  Factory  
  164  15:14  Thor x4  
  164  15:17  Hellbat  
  164  15:18  Hellbat x3  
  196  15:36  Command Center  
  196  15:39  Planetary Fortress  
  196  16:23  Thor x12  
  196  16:47  Refinery  
  196  16:51  Refinery  
Show
View Real Time Build Order
Export as new Build Order

Savel Zerg 

Build Orders: Pool First 

Get SALT Encoding   

  12  0:01  Drone  
  13  0:12  Overlord  
  13  0:17  Drone  
  14  0:24  Extractor  
  14  0:25  Drone  
  15  0:30  Drone  
  15  0:34  Drone  
  17  0:47  Spawning Pool  
  17  0:49  Drone  
  17  0:56  Drone  
  18  1:12  Hatchery  
  18  1:15  Drone  
  18  1:21  Overlord  
  18  1:34  Zergling x2  
  19  1:45  Drone  
  20  1:50  Drone  
  20  1:53  Queen  
  23  2:10  Drone  
  23  2:12  Overlord  
  24  2:18  Extractor  
  24  2:19  Hatchery  
  24  2:22  Drone  
  23  2:32  Queen  
  23  2:33  Drone  
  26  2:44  Drone  
  26  2:45  Queen  
  26  2:47  Drone x2  
  26  2:49  Drone  
  32  2:55  Extractor  
  32  2:58  Drone  
  32  3:13  Spine Crawler  
  32  3:14  Spine Crawler  
  32  3:16  Queen  
  32  3:23  Roach Warren  
  32  3:25  Drone  
  32  3:27  Drone  
  33  3:39  Queen  
  35  3:41  Drone  
  35  3:43  Drone x2  
  38  3:51  Drone  
  38  3:52  Drone  
  40  4:00  Lair  
  40  4:01  Drone  
  41  4:04  Overlord  
  41  4:11  Drone x2  
  41  4:13  Drone  
  41  4:14  Drone  
  45  4:17  Drone  
  45  4:19  Drone  
  45  4:21  Drone  
  45  4:23  Drone  
  49  4:26  Drone  
  49  4:29  Drone  
  49  4:30  Drone  
  52  4:32  Drone  
  53  4:47  Drone x2  
  53  4:48  Drone x2  
  53  4:49  Drone  
  53  4:51  Metabolic Boost  
  58  5:00  Hatchery  
  58  5:02  Overlord x2  
  58  5:03  Overlord  
  57  5:20  Overlord  
  57  5:22  Roach x2  
  57  5:23  Roach  
  57  5:26  Roach x2  
  57  5:27  Roach x3  
  73  5:30  Roach x3  
  73  5:31  Roach  
  81  6:00  Zergling x6  
  81  6:01  Zergling x4  
  81  6:02  Zergling x6  
  81  6:03  Zergling x2  
  90  6:08  Overlord x2  
  90  6:10  Overlord  
  90  6:11  Overlord  
  90  6:24  Ravager x3  
  90  6:25  Ravager x3  
  96  6:27  Ravager  
  96  6:29  Zergling x6  
  96  6:30  Zergling x2  
  96  6:31  Zergling x12  
  107  6:33  Zergling x12  
  107  6:34  Zergling x2  
  67  7:38  Roach x3  
  67  7:39  Roach x3  
  67  7:40  Zergling x2, Roach x3  
  67  7:41  Zergling x14  
  67  7:42  Zergling x8  
  67  7:43  Zergling x6  
  100  7:47  Ravager  
  94  8:00  Zergling x4  
  94  8:01  Zergling x4  
  94  8:02  Zergling x2  
  99  8:06  Ravager  
  100  8:28  Spire  
  69  8:58  Zergling x2  
  69  8:59  Zergling x8  
  69  9:00  Zergling x12  
  69  9:01  Zergling x10  
  89  9:02  Roach  
  89  9:03  Roach x5  
  89  9:04  Ravager  
  98  9:33  Ravager  
  86  9:49  Roach x2  
  86  9:50  Roach  
  86  9:52  Roach x5  
  101  9:53  Roach x3  
  95  10:00  Extractor  
  95  10:02  Extractor  
  95  10:04  Extractor  
  83  10:12  Infestation Pit  
  83  10:14  Evolution Chamber  
  79  10:15  Evolution Chamber  
  79  10:17  Hatchery  
  76  10:37  Extractor  
  76  10:39  Drone x3  
  76  10:40  Drone x5  
  76  10:41  Overlord x2  
  76  10:42  Overlord x4  
  83  10:44  Drone x2  
  83  10:45  Drone  
  83  10:47  Drone  
  87  10:54  Queen  
  87  10:55  Queen  
  87  10:56  Queen  
  93  10:57  Queen  
  93  11:00  Zerg Ground Armor Level 1, Zerg Missile Weapons Level 1  
  73  11:23  Roach x4  
  73  11:24  Roach x5  
  91  11:27  Roach  
  91  11:28  Roach x3  
  91  11:29  Roach x3  
  91  11:31  Drone x2  
  91  11:32  Drone  
  108  11:34  Queen  
  108  11:36  Zergling x2  
  111  11:41  Hive  
  111  11:50  Drone x2  
  111  12:04  Drone x2  
  111  12:05  Drone  
  110  12:10  Corruptor x3  
  110  12:11  Corruptor  
  118  12:21  Hatchery  
  117  12:35  Roach x3  
  117  12:36  Roach x2  
  117  12:37  Roach x4  
  131  12:39  Roach x4  
  131  12:40  Roach x5  
  131  12:41  Roach x2  
  131  12:42  Zergling x6  
  160  12:58  Drone  
  161  13:01  Drone x4  
  161  13:02  Drone  
  161  13:03  Drone  
  167  13:07  Extractor  
  167  13:08  Extractor  
  165  13:16  Ravager x5  
  165  13:17  Ravager  
  111  14:06  Drone x3  
  111  14:07  Drone x2  
  111  14:08  Drone  
  119  14:10  Roach x5  
  119  14:13  Zerg Ground Armor Level 2, Zerg Missile Weapons Level 2  
  127  14:29  Zergling x10  
  127  14:30  Zergling x8  
  136  14:33  Zergling x8  
  136  14:34  Zergling x14  
  136  14:35  Zergling x6  
  136  14:36  Zergling x2  
  136  14:37  Zergling x8  
  155  14:48  Corruptor x4  
  131  15:13  Zergling x6  
  131  15:14  Zergling x6  
  115  15:16  Zergling x10  
  115  15:17  Zergling x10  
  115  15:18  Zergling x2  
Tags
 
Add a new tag
Caveats
  • Supply blocks, unpowered buildings, or Contaminate may cause inaccurate times.
  • Supply counts are checked every 10 seconds.